 Dungeon Crawl Stone Soup version 0.24.0-125-gc4c63601f3 (webtiles) character file.

Game seed: 11324118640896119303, levelgen mode: deterministic

6533 Goreval the Summoner (level 11, 0/75 HPs)
             Began as a Barachi Summoner on Feb 27, 2020.
             Was a Believer of the Shining One.
             Slain by an eight-headed hydra (6 damage)
             ... on level 11 of the Dungeon.
             The game lasted 00:36:31 (14996 turns).

Goreval the Summoner (Barachi Summoner)            Turns: 14996, Time: 00:36:31

Health: 0/75       AC:  9    Str: 10    XL:     11   Next: 1%
Magic:  3/17       EV: 16    Int: 19    God:    the Shining One [**....]
Gold:   687        SH:  5    Dex: 12    Spells: 3/18 levels left

rFire    x . .     SeeInvis .   a - +1 long sword
rCold    + + .     Gourm    .   t - +0 buckler
rNeg     + . .     Faith    .   h - +3 leather armour {rPois}
rPois    +         Spirit   .   (no helmet)
rElec    .         Reflect  .   u - scarf {cloud immunity}
rCorr    .         Harm     .   d - +0 pair of gloves
MR       .....                  j - +1 pair of boots
Stlth    +.........             (no amulet)
HPRegen  0.22/turn              w - ring of protection from cold
MPRegen  0.15/turn              z - ring of ice

@: about to teleport, glowing, slow
A: +LOS, swims, slowness 1, strong legs 1
a: Hop, Divine Shield, Renounce Religion


You were on level 11 of the Dungeon.
You worshipped the Shining One.
The Shining One was pleased with you.
You were not hungry.

You visited 1 branch of the dungeon, and saw 11 of its levels.

You collected 687 gold pieces.

Inventory:

Hand Weapons
 a - a +1 long sword (weapon)
 G - a +1 great sword
Missiles
 f - 306 stones (quivered)
 g - a throwing net
Armour
 d - a +0 pair of gloves (worn)
 h - a +3 leather armour of poison resistance (worn)
 j - a +1 pair of boots (worn)
 t - a +0 buckler (worn)
 u - a scarf of cloud immunity (worn)
 K - a +1 shield of protection
Magical Staves
 b - an uncursed staff of power
Jewellery
 w - a ring of protection from cold (left hand)
 z - a ring of ice (right hand)
Wands
 p - a wand of acid (15)
 y - a wand of flame (8)
 B - a wand of iceblast (25)
 H - a wand of digging (19)
 J - a wand of disintegration (10)
Scrolls
 e - 6 scrolls of identify
 l - 2 scrolls of teleportation
 m - 2 scrolls of fear
 x - a scroll of blinking
 D - a scroll of fog {unknown}
 E - a scroll of enchant armour
Potions
 i - 2 potions of magic
 k - 4 potions of degeneration
 n - 2 potions of curing
 o - 2 potions of agility
 q - a potion of resistance
 r - 4 potions of haste
 s - a potion of brilliance
 v - a potion of flight
 A - a potion of lignification {unknown}
 C - a potion of berserk rage {unknown}
 F - a potion of cancellation {unknown}
 L - a potion of ambrosia {unknown}
Miscellaneous
 I - a sack of spiders
Comestibles
 c - 20 rations


   Skills:
 + Level 3.4 Fighting
 * Level 8.5 Long Blades
 + Level 8.5 Dodging
 - Level 2.0 Stealth
 - Level 4.0 Shields
 - Level 4.0 Spellcasting
 - Level 11.0 Summonings
 - Level 6.1 Ice Magic
 - Level 4.0 Air Magic
 + Level 2.5 Invocations


You had 3 spell levels left.
You knew the following spells:

 Your Spells              Type           Power        Failure   Level  Hunger
a - Summon Small Mammal   Summ           ####         1%          1    None
b - Call Canine Familiar  Summ           #####...     1%          3    ###....
c - Summon Ice Beast      Ice/Summ       ######..     5%          4    ####...
d - Summon Lightning Spi  Summ/Air       ####....     9%          4    ####...
e - Summon Guardian Gole  Hex/Summ       ###.....     6%          3    ###....

Your spell library contained the following spells:

 Spells                   Type           Power        Failure   Level  Hunger
 Call Imp                 Summ           #####...     1%          2    ##.....
 Beastly Appendage        Tmut           #.....       19%         1    None
 Magic Dart               Conj           #...         19%         1    None
 Searing Ray              Conj           #.....       28%         2    ##.....
 Sticks to Snakes         Tmut           #.......     28%         2    ##.....
 Dazzling Spray           Conj/Hex       #.....       50%         3    ###....
 Spider Form              Tmut/Pois      #.........   50%         3    ###....
 Ice Form                 Ice/Tmut       ###.....     45%         4    ####...
 Force Lance              Conj/Tloc      #.......     88%         4    ####...
 Fulminant Prism          Conj/Hex       #.........   88%         4    ####...
 Iskenderun's Mystic Bla  Conj           #.......     88%         4    ####...
 Blade Hands              Tmut           #.........   99%         5    ######.


Dungeon Overview and Level Annotations

Branches:
Dungeon (11/15)            Temple (0/1) D:6
   Lair: D:8-11         Orc: D:9-12

Altars:
Elyvilon
Gozag
Makhleb
Nemelex Xobeh
Okawaru
Sif Muna
Xom
The Shining One

Shops:
D:4 }   D:9 (   D:11 ?

Annotations:
D:7 2 transporters, exclusion: upstairs, matti1234's ghost, amateur OpWr


Innate Abilities, Weirdness & Mutations

Shadows flee at your approach. (+LOS)
You can swim through water.
You cover ground slowly.
You can hop short distances.


Message History

The centaur wields a +0 shortbow.
The centaur shoots an arrow.
The arrow hits you.
The centaur wields a +0 shortbow.
The centaur shoots an arrow.
The arrow hits you!
You hear a shout!
You see here 2 arrows.
As you read the scroll of teleportation, it crumbles to dust.
You feel strangely unstable.
The centaur shoots an arrow.
The arrow hits you.
A centaur comes into view.
The centaur shoots an arrow.
The arrow hits you but does no damage.
The centaur shoots an arrow.
The arrow hits you!
* * * LOW HITPOINT WARNING * * *
The centaur wields a +0 shortbow.
The centaur shoots an arrow.
The arrow hits you.
* * * LOW HITPOINT WARNING * * *
The eight-headed hydra bites you!
* * * LOW HITPOINT WARNING * * *
The eight-headed hydra barely misses you.
The eight-headed hydra bites you.
You die...

### ##.## ##hD.##
#..#@.# #hr##...#
#.Y......#
........#..#
.........##....
##..........
.....
##.......... ..c.
......#.##......
.......#.####..cc


You could see an eight-headed hydra, a black bear and 3 centaurs.

Vanquished Creatures
  A yak (D:9)
  A hungry ghost (D:9)
  A sky beast (D:8)
  An orc warrior (D:8)
  A black bear (D:10)
  An ogre (D:3)
  A centaur (D:8)
  2 crocodiles (D:11)
  2 bullfrogs
  A gnoll sergeant (D:9)
  Dowan (D:7)
  A scorpion (D:7)
  A howler monkey (D:7)
  2 crimson imps
  A jelly (D:7)
  A bullfrog zombie (D:11)
  3 bullfrog skeletons
  2 iguanas
  3 orc wizards
  11 worker ants
  A killer bee zombie (D:7)
  A mummy (D:4)
  2 gnolls
  2 howler monkey skeletons (D:8)
  4 adders
  2 shadow imps
  4 oozes
  An adder skeleton (D:4)
  2 worms (D:3)
  2 leopard geckos
  13 orcs
  2 giant cockroaches
  5 goblins
  A hobgoblin (D:3)
  4 jackals
  2 kobolds
  2 quokkas
  3 ball pythons
  4 bats
  3 frilled lizards
  A goblin zombie (D:4)
  A kobold zombie (D:4)
  5 rats
105 creatures vanquished.

Vanquished Creatures (collateral kills)
  A hydra (D:10)
  2 tengu warriors (D:10)
  Urug (D:10)
  An unseen horror (D:10)
  Joseph (D:9)
  A tengu conjurer (D:10)
  Prince Ribbit (D:6)
  2 dream sheep (D:10)
  9 yaks
  A basilisk (D:11)
  A wyvern (D:10)
  Duvessa (D:7)
  2 porcupines (D:11)
  An orc warrior (D:9)
  A sky beast (D:9)
  A black bear (D:11)
  4 ogres
  2 centaurs
  A wolf (D:11)
  A crocodile (D:11)
  3 big kobolds (D:10)
  A wyvern skeleton (D:6)
  4 scorpions
  A howler monkey (D:6)
  2 crimson imps (D:5)
  3 hounds
  2 bullfrog skeletons
  A centaur skeleton (D:5)
  2 jellies
  5 orc wizards
  4 worker ants
  13 gnolls
  6 adders
  A shadow imp (D:8)
  2 oozes (D:5)
  A worm (D:3)
  A leopard gecko (D:1)
  11 orcs
  A ball python (D:1)
  2 giant cockroaches (D:5)
  4 goblins
  4 hobgoblins
  6 jackals
  6 kobolds
  2 quokkas (D:6)
  2 frilled lizards
  A rat (D:1)
126 creatures vanquished.

Vanquished Creatures (others)
  6 plants (D:7)
6 creatures vanquished.

Grand Total: 237 creatures vanquished

Notes
Turn   | Place    | Note
-------+----------+-------------------------------------------
     0 | D:1      | Goreval the Barachi Summoner began the quest for the Orb.
     0 | D:1      | Reached XP level 1. HP: 13/13 MP: 3/3
   270 | D:1      | Reached skill level 5 in Summonings
   461 | D:1      | Reached XP level 2. HP: 17/19 MP: 5/5
   468 | D:1      | Learned a level 2 spell: Call Imp
  1993 | D:2      | Reached XP level 3. HP: 24/24 MP: 6/6
  1999 | D:2      | Learned a level 3 spell: Call Canine Familiar
  2333 | D:3      | Reached skill level 1 in Shields
  2349 | D:3      | HP: 1/24 [gnoll/+0 flail (1)]
  2352 | D:3      | Reached XP level 4. HP: 2/30 MP: 4/7
  2702 | D:3      | Reached skill level 6 in Summonings
  2985 | D:3      | Found an opulent altar of Gozag.
  3365 | D:3      | Noticed an ogre
  3737 | D:3      | Reached XP level 5. HP: 33/35 MP: 4/8
  4123 | D:3      | Learned a level 4 spell: Summon Ice Beast
  4375 | D:4      | Reached skill level 1 in Ice Magic
  4424 | D:4      | Noticed an ogre
  4651 | D:3      | Killed an ogre
  4651 | D:3      | Reached XP level 6. HP: 23/41 MP: 3/9
  5034 | D:4      | Found Irraa's Gadget Shoppe.
  5135 | D:4      | Found a shimmering altar of Xom.
  5541 | D:5      | Entered Level 5 of the Dungeon
  5574 | D:5      | Found a shimmering blue altar of Sif Muna.
  6025 | D:5      | Reached XP level 7. HP: 45/46 MP: 11/11
  6044 | D:5      | Reached skill level 7 in Summonings
  6488 | D:5      | Noticed a spatial vortex
  7093 | D:5      | Learned a level 4 spell: Summon Lightning Spire
  7347 | D:6      | Found an iron altar of Okawaru.
  7466 | D:6      | Found a glowing golden altar of the Shining One.
  7473 | D:6      | Became a worshipper of the Shining One
  7574 | D:6      | Found a staircase to the Ecumenical Temple.
  7747 | D:6      | Found a white marble altar of Elyvilon.
  8069 | D:7      | Reached XP level 8. HP: 24/52 MP: 8/13
  8254 | D:7      | Found a burning altar of Makhleb.
  8362 | D:7      | Found a transporter.
  8362 | D:7      | Noticed matti1234's ghost (amateur OpWr)
  8365 | D:7      | Identified the +4 shield of the Rose {*Contam rPois rC+++
                  | Str-5}
  8405 | D:7      | Found a transporter.
  8625 | D:7      | Noticed Duvessa
  8639 | D:7      | Noticed Dowan
  8746 | D:6      | Reached skill level 8 in Summonings
  8753 | D:6      | Noticed Prince Ribbit
  8758 | D:6      | Killed Prince Ribbit
  8758 | D:6      | Reached skill level 5 in Ice Magic
  8854 | D:6      | Noticed a two-headed ogre
  8854 | D:6      | Noticed a yak
  8854 | D:6      | Noticed an ogre mage
  8854 | D:6      | Noticed a purple ugly thing
  8854 | D:6      | Reached * piety under the Shining One
  8854 | D:6      | Noticed a deep elf mage
  8887 | D:7      | Killed Duvessa
  8894 | D:7      | Killed Dowan
  9211 | D:7      | Found a sparkling altar of Nemelex Xobeh.
  9551 | D:3      | Reached skill level 5 in Dodging
  9758 | D:8      | Reached skill level 9 in Summonings
  9982 | D:8      | Reached skill level 1 in Air Magic
  9987 | D:8      | Reached XP level 9. HP: 43/57 MP: 15/15
 11279 | D:9      | Noticed Joseph
 11285 | D:9      | Killed Joseph
 11505 | D:9      | Reached skill level 10 in Summonings
 11790 | D:9      | Learned a level 3 spell: Summon Guardian Golem
 11880 | D:9      | Reached skill level 1 in Long Blades
 12214 | D:9      | Found Ducrilie's Weapon Shoppe.
 12391 | D:10     | Entered Level 10 of the Dungeon
 12630 | D:10     | Reached skill level 11 in Summonings
 12636 | D:10     | Reached XP level 10. HP: 17/63 MP: 2/16
 12888 | D:10     | Noticed a two-headed hydra
 12898 | D:10     | Killed a two-headed hydra
 12898 | D:10     | Reached skill level 5 in Long Blades
 13064 | D:10     | Noticed a tengu warrior
 13093 | D:10     | Killed a tengu warrior
 13562 | D:10     | Noticed an unseen horror
 13575 | D:10     | Killed an unseen horror
 13575 | D:10     | Reached skill level 1 in Fighting
 13575 | D:10     | Reached skill level 1 in Invocations
 13739 | D:10     | Noticed a tengu warrior
 13792 | D:10     | Killed a tengu warrior
 14070 | D:10     | Noticed Urug
 14070 | D:10     | Reached ** piety under the Shining One
 14092 | D:10     | Killed Urug
 14861 | D:11     | Found Agogoq's Magic Scroll Emporium.
 14880 | D:11     | Noticed a two-headed ogre
 14887 | D:11     | Noticed a manticore
 14888 | D:11     | Reached XP level 11. HP: 60/75 MP: 5/17
 14895 | D:11     | Noticed a two-headed ogre
 14987 | D:11     | Noticed an eight-headed hydra
 14996 | D:11     | Slain by an eight-headed hydra

Levels and vault maps discovered:
D:1:      tarquinn_simple_flora_water_b, layout_loops_ring, minmay_hexomino_f4
D:2:      layout_loops_ring, first_ration
D:3:      layout_loops_ring, overflow_temple_1_default
D:4:      layout_rooms, lemuel_round_altar, nicolae_ossuary_entry_giza,
          serial_shops, shop
D:5:      minmay_octagon_keep, layout_basic, lemuel_blue_sif_altar
D:6:      minmay_klotski, layout_cave_pods, tso_altar, elyvilon_altar_5,
          okawaru_altar_gauntlet_db, minmay_temple_entry_sparse_star,
          uniq_prince_ribbit1
D:7:      layout_loops_ring, kennysheep_mini_moat,
          nemelex_xobeh_ov_fountains_minmay, gammafunk_ghost_gnarly_gnolls,
          uniq_duvessa
D:8:      layout_basic
D:9:      layout_small_grid, serial_shops, shop, uniq_joseph
D:10:     layout_stronghold, hangedman_ranch [blue_anna_fruit_fields], uniq_urug
D:11:     layout_cave_pools, minmay_lair_entry_grove, zombieorc1_lemuel,
          nicolae_trove_entry_diagonal, serial_shops, shop

Skill      XL: |  1  2  3  4  5  6  7  8  9 10 |
---------------+-------------------------------+-----
Summonings     | 5 6 7 9 11 | 11.0
Stealth        | 2 |  2.0
Shields        | 1 2 3 4 |  4.0
Dodging        | 3 4 5 6 8 |  8.5
Ice Magic      | 1 2 4 6 |  6.1
Spellcasting   | 3 4 |  4.0
Air Magic      | 1 4 |  4.0
Long Blades    | 3 8 |  8.5
Fighting       | 3 |  3.4
Invocations    | 2 |  2.5

Action                   |  1- 3 |  4- 6 |  7- 9 | 10-12 || total
-------------------------+-------+-------+-------+-------++-------
Melee: Unarmed           |    95 |       |       |       ||    95
       Long sword        |    18 |   134 |   334 |    96 ||   582
       Staff             |       |       |       |     6 ||     6
Throw: Stone             |     9 |    19 |    38 |    17 ||    83
       Throwing net      |       |       |       |     1 ||     1
 Cast: Summon Small Mamm |    19 |     9 |       |       ||    28
       Call Imp          |    12 |     9 |       |       ||    21
       Call Canine Famil |       |    18 |    21 |     6 ||    45
       Summon Ice Beast  |       |     1 |    26 |    23 ||    50
       Summon Lightning  |       |       |     3 |     6 ||     9
 Abil: Hop               |     2 |     4 |     4 |     4 ||    14
  Use: Potion            |     1 |       |     1 |       ||     2
       Scroll            |       |    13 |     9 |     1 ||    23
 Stab: Sleeping          |     2 |     2 |       |       ||     4
       Distracted        |       |     2 |       |       ||     2
  Eat: Chunk             |     6 |    16 |    21 |    10 ||    53
       Ration            |       |       |     3 |     2 ||     5
Armor: Ring mail         |    43 |       |       |       ||    43
       Robe              |     1 |       |       |       ||     1
       Leather armour    |     1 |    33 |   108 |    25 ||   167
Dodge: Dodged            |    77 |   112 |   247 |    90 ||   526
Block: Buckler           |     3 |    25 |    93 |    20 ||   141
       Rpst.: Long sword |     8 |    35 |    65 |    19 ||   127
